 Dungeon Crawl Stone Soup version 0.30-a0-4-ga7cffc901d (webtiles) character file.

Game seed: 3879612320319688120

10965 Conn the Thaumaturge (level 11, -41/63 HPs)
             Began as an Octopode Fire Elementalist on Aug 21, 2022.
             Was a Believer of Sif Muna.
             Annihilated by a minotaur
             ... wielding the +6 trident of the Puffball {venom, *Rage rPois Str+6 Dex+2}
              (67 damage)
             ... in a Gauntlet.
             The game lasted 00:48:26 (14559 turns).

Conn the Thaumaturge (Octopode Fire Elementalist)  Turns: 14559, Time: 00:48:26

Health: -41/63     AC:  1    Str: 10    XL:     11   Next: 70%
Magic:  22/33      EV: 18    Int: 26    God:    Sif Muna [**....]
Gold:   712        SH:  5    Dex: 13    Spells: 5/28 levels left

rFire   + + +      SeeInvis .    D - staff of fire
rCold   . . .      Faith    .    (no shield)
rNeg    . . .      Spirit   .    (helmet restricted)
rPois   .          Reflect  +    l - amulet of reflection
rElec   .          Harm     .    w - ring of protection from fire
rCorr   +          Rampage  .    E - +4 ring of evasion
Will    +....      NoTele   +    H - ring of resist corrosion
Stlth   ++++......               n - ring "Gizugrar" {Will+ MP+9 Str+3 Int+4}
HPRegen 0.20/turn                C - ring of wizardry
MPRegen 0.23/turn                (no ring)
                                 (no ring)
                                 (no ring)

@: studying Poison Magic
A: almost no armour, amphibious, 8 rings, camouflage 1, gelatinous body 1,
(nimble swimmer 1), tentacles, fire resistance 1, screaming 1
a: Renounce Religion, Channel Magic


You were in a Gauntlet.
You worshipped Sif Muna.
Sif Muna was pleased with you.
You visited 2 branches of the dungeon, and saw 12 of its levels.
You also visited: Sewer and Gauntlet.

You collected 787 gold pieces.
You spent 75 gold pieces at shops.

Inventory:

Hand Weapons
 e - a +0 dagger
 y - a +4 vampiric dagger
 B - the +0 war axe of Cheibriados's Fury {spect, Int+2}
   (You found it on level 7 of the Dungeon)

   When its wielder attacks, the weapon's spirit leaps out and strikes again.
   The spirit shares a part of any damage it takes with its wielder.
   Int:       It affects your intelligence (+2).
Missiles
 g - 29 poisoned darts (quivered)
 o - 3 curare-tipped darts
Magical Staves
 t - a staff of air
 D - a staff of fire (weapon)
Jewellery
 l - an amulet of reflection (around mantle)
 n - the ring "Gizugrar" (on tentacle) {Will+ MP+9 Str+3 Int+4}
   (You found it in a Gauntlet)

   [ring of willpower]

   Str:       It affects your strength (+3).
   Int:       It affects your intelligence (+4).
   MP:        It affects your magic capacity (+9).
   Will:      It increases your willpower.
 s - an amulet of guardian spirit
 w - a ring of protection from fire (left tentacle)
 C - a ring of wizardry (on tentacle)
 E - a +4 ring of evasion (right tentacle)
 H - a ring of resist corrosion (on tentacle)
Wands
 r - a wand of digging (6)
 u - a wand of flame (16)
 z - a wand of roots (5)
Scrolls
 d - a scroll of enchant weapon
 h - 4 scrolls of teleportation
 i - 5 scrolls of blinking
 j - 3 scrolls of poison
 v - 4 scrolls of enchant armour
Potions
 a - 2 potions of magic
 b - 3 potions of mutation
 c - 8 potions of curing
 f - a potion of might
 k - 6 potions of flight
 m - a potion of resistance
 p - a potion of ambrosia
 A - a potion of lignification
Miscellaneous
 q - a condenser vane (inert)


   Skills:
 + Level 1.6 Fighting
 + Level 1.5 Short Blades
 + Level 1.6 Axes
 + Level 0.1 Staves
 + Level 2.1 Throwing
 + Level 3.2 Dodging
 + Level 6.6 Stealth
 + Level 0.1 Shields
 + Level 9.0 Spellcasting
 + Level 7.0 Conjurations
 + Level 2.4 Hexes
 * Level 5.1 Summonings
 + Level 8.6 Fire Magic
 * Level 8.6 Poison Magic
 * Level 5.1 Invocations


You had 5 spell levels left.
You knew the following spells:

 Your Spells              Type           Power      Damage    Failure   Level
a - Foxfire               Conj/Fire      100%       2x1d9     1%          1
b - Conjure Flame         Conj/Fire      68%        6-21      1%          3
c - Inner Flame           Hex/Fire       57%        N/A       1%          3
d - Flame Wave            Conj/Fire      68%        2d15      1%          4
e - Scorch                Fire           100%       2d10      1%          2
f - Summon Guardian Gole  Hex/Summ       31%        N/A       1%          3
g - Olgreb's Toxic Radia  Pois           54%        N/A       1%          4
h - Call Canine Familiar  Summ           38%        N/A       1%          3

Your spell library contained the following spells:

 Spells                   Type           Power      Damage    Failure   Level
 Apportation              Tloc           22%        N/A       1%          1
 Necrotise                Necr           44%        1d6       1%          1
 Sting                    Tmut/Pois      100%       1d8       1%          1
 Summon Small Mammal      Summ           100%       N/A       1%          1
 Poisonous Vapours        Pois/Air       68%        N/A       1%          2


Dungeon Overview and Level Annotations

Branches:
Dungeon (11/15)            Temple (1/1) D:4            Lair (0/5) D:8
  Sewer (visited)         Gauntlet (1/1)
    Orc: D:9-12

Altars:
Ashenzari
Cheibriados
Dithmenos
Elyvilon
Fedhas
Gozag
Hepliaklqana
Kikubaaqudgha
Makhleb
Nemelex Xobeh
Okawaru
Qazlal
Ru
Sif Muna
Trog
Uskayaw
Vehumet
Wu Jian
Xom
Yredelemnul
Zin
The Shining One

Shops:
D:1 ?

Annotations:
Gauntlet 4 transporters


Innate Abilities, Weirdness & Mutations

You cannot wear most types of armour.
You are amphibious.
You can wear up to eight rings at the same time.
Your skin changes colour to match your surroundings (Stealth+).
Your rubbery body absorbs attacks. (AC +1, EV +1)
((You are camouflaged when in or above water. (Stealth+)))
You have tentacles for arms and can constrict up to eight enemies at once.
Your flesh is heat resistant. (rF+)
You occasionally shout uncontrollably at your foes.


Message History

Confirm with . or Enter, or press ? or * to list all spells.
Aiming: Inner Flame (safe; 1% risk of failure)
Press: ? - help, Dir - move target, f - minotaur
Aim: a minotaur, wielding the +6 trident of the Puffball {venom, *Rage rPois Str+6 Dex+2}, wearing a +0 plate armour and quivering javelins (translocational energy, ally target, chance to affect: 41%)
Okay, then.
You feel much better.
Casting: Inner Flame (safe; 1% risk of failure)
Confirm with . or Enter, or press ? or * to list all spells.
Casting: Call Canine Familiar (safe; 1% risk of failure)
Confirm with . or Enter, or press ? or * to list all spells.
Aiming: Inner Flame (safe; 1% risk of failure)
Press: ? - help, Dir - move target, f - minotaur
Aim: a minotaur, wielding the +6 trident of the Puffball {venom, *Rage rPois Str+6 Dex+2}, wearing a +0 plate armour and quivering javelins (ally target, chance to affect: 41%)
You feel a surge of power!
The minotaur resists with some effort.
The minotaur throws a javelin.
The javelin pierces through your guardian golem!!
The javelin pierces through you!!
You swap places.
Okay, then.
Casting: Inner Flame (safe; 1% risk of failure)
Confirm with . or Enter, or press ? or * to list all spells.
Okay, then.
Unknown command.
Unknown command.
Casting: Inner Flame (safe; 1% risk of failure)
Confirm with . or Enter, or press ? or * to list all spells.
Aiming: Inner Flame (safe; 1% risk of failure)
Press: ? - help, Dir - move target, f - wolf
Aim: a wolf (summoned, friendly, chance to affect: 95%)
You feel a surge of power!
Your wolf is filled with an inner flame.
You hear a bellow!
Casting: Inner Flame (safe; 1% risk of failure)
Confirm with . or Enter, or press ? or * to list all spells.
You feel a surge of power!
You conjure some foxfire!
You hear a bellow!
Your wolf bites the minotaur.
The minotaur hits you from afar with the +6 trident of the Puffball {venom, *Rage rPois Str+6 Dex+2}!!!
Ouch! That really hurt!
You die...

#.##......#..#.........#
#....##...#..###########
######.##.##.©.#≈............
#∩..H'.##......#∩............
######....##.©.#≈............
#....##.##...#..###########
#....##H##......#..#.W..W.WWW#
#..## #.9..##v8.#..#.##^..##.#
# ..##.##@..#..#W^##.##..#
#.##.Hhv8.#..#W..#.#...#
#....##...#..#©..#©....#
#######≈8§#..#=..#.#...#
#####..#?.##.##..#
###..#.##^..##.#
#8#..#.........#
###..###########
#.............


You could see a minotaur (berserk, ally target), 2 shadows and a friendly wolf
(summoned, inner flame).

Vanquished Creatures
  A soul eater (Gauntlet)
  Pikel (D:5)
  An ugly thing (D:9)
  3 elephants (Gauntlet)
  A rust devil (Gauntlet)
  A torpor snail (Gauntlet)
  A komodo dragon (D:8)
  2 trolls (D:10)
  A hornet (D:10)
  3 slime creatures (Gauntlet)
  Sigmund (D:3)
  A shadow (D:10)
  A ynoxinul (Gauntlet)
  14 yaks
  2 steam dragons
  2 vampire mosquitoes (D:11)
  Menkaure (D:5)
  An acid dragon (D:10)
  Duvessa (D:5)
  3 orc warriors
  3 ice beasts (D:7)
  A sky beast (D:8)
  A black bear (D:6)
  6 centaurs
  2 phantoms
  A kobold brigand (D:7)
  2 bullfrogs (D:6)
  A necrophage (D:7)
  2 scorpions
  Dowan (D:5)
  An electric eel (D:10)
  2 iron imps (Gauntlet)
  4 jellies
  An orc priest (D:6)
  5 hounds
  Crazy Yiuf (D:5)
  12 orc wizards
  4 gnolls (D:2)
  9 adders
  7 river rats
  7 shadow imps
  A white imp (D:7)
  4 worms
  2 dart slugs
  21 orcs
  13 ball pythons
  16 bats
  11 endoplasms
  10 giant cockroaches
  3 goblins (D:1)
  9 hobgoblins
  3 jackals (Sewer)
  11 kobolds
  10 quokkas
  3 frilled lizards (Sewer)
  8 rats
240 creatures vanquished.

Vanquished Creatures (others)
  An elephant (Gauntlet)
  14 demonic plants (Gauntlet)
  756 foxfires
  2 fungi (D:5)
  15 plants
788 creatures vanquished.

Grand Total: 1028 creatures vanquished

Notes
Turn   | Place    | Note
-------+----------+-------------------------------------------
     0 | D:1      | Conn the Octopode Fire Elementalist began the quest for the
                  | Orb.
     0 | D:1      | Reached XP level 1. HP: 11/11 MP: 3/3
   236 | D:1      | Reached XP level 2. HP: 17/17 MP: 0/5
   708 | D:1      | Found Cosyan's Magic Scroll Shop.
   891 | D:1      | Reached XP level 3. HP: 18/21 MP: 6/6
  1190 | D:2      | Learned a level 2 spell: Scorch
  1342 | D:1      | Bought a scroll of blinking for 75 gold pieces
  1585 | D:3      | Learned a level 3 spell: Conjure Flame
  1718 | D:2      | Reached XP level 4. HP: 27/27 MP: 3/7
  2445 | D:2      | Found a faded altar of an unknown god.
  2618 | D:3      | Identified the +0 robe of Estrelutt {Rampage rPois}
  2780 | D:3      | Noticed Sigmund
  2815 | D:3      | Killed Sigmund
  2816 | D:3      | Reached skill level 3 in Spellcasting
  2816 | D:3      | Reached XP level 5. HP: 18/32 MP: 1/10
  2816 | D:3      | Reached XP level 6. HP: 20/37 MP: 1/11
  3506 | D:4      | Found a staircase to the Ecumenical Temple.
  3516 | Temple   | Entered the Ecumenical Temple
  3916 | D:4      | Reached skill level 1 in Short Blades
  4347 | D:4      | Reached XP level 7. HP: 5/42 MP: 0/12
  4614 | D:3      | Learned a level 3 spell: Inner Flame
  4619 | D:3      | Learned a level 4 spell: Flame Wave
  5061 | D:5      | Entered Level 5 of the Dungeon
  5167 | D:5      | Reached skill level 4 in Spellcasting
  5267 | D:5      | Noticed Dowan
  5272 | D:5      | Noticed Duvessa
  5304 | D:5      | Killed Duvessa
  5308 | D:5      | Killed Dowan
  5661 | D:5      | Reached skill level 1 in Throwing
  5802 | D:5      | Reached skill level 1 in Fighting
  5802 | D:5      | Reached skill level 5 in Fire Magic
  5922 | D:5      | Reached XP level 8. HP: 47/48 MP: 11/15
  6121 | D:5      | Noticed Pikel
  6141 | D:5      | Killed Pikel
  6142 | D:5      | Reached skill level 5 in Spellcasting
  6333 | D:5      | Noticed Menkaure
  6339 | D:5      | Killed Menkaure
  6818 | D:5      | Found a runed translucent door.
  6819 | D:5      | Noticed Crazy Yiuf
  6830 | D:5      | Killed Crazy Yiuf
  7061 | D:6      | Reached skill level 6 in Spellcasting
  7198 | D:6      | Reached skill level 5 in Conjurations
  7198 | D:6      | Reached XP level 9. HP: 41/53 MP: 9/18
  7406 | D:6      | Found a sacrificial altar of Ru.
  7408 | D:6      | Found a hazy altar of Hepliaklqana.
  7408 | D:6      | Found a broken altar of Ashenzari.
  7409 | D:6      | Found a white marble altar of Elyvilon.
  7409 | D:6      | Found a hide-covered altar of Uskayaw.
  7409 | D:6      | Found an ancient bone altar of Kikubaaqudgha.
  7410 | D:6      | Found a glowing silver altar of Zin.
  7410 | D:6      | Found an opulent altar of Gozag.
  7411 | D:6      | Found an iron altar of Okawaru.
  7412 | D:6      | Found a basalt altar of Yredelemnul.
  7412 | D:6      | Found a shimmering blue altar of Sif Muna.
  7420 | D:6      | Became a worshipper of Sif Muna the Loreminder
  7517 | D:6      | Found a glowing drain.
  7521 | Sewer    | Entered a sewer
  7858 | Sewer    | Reached * piety under Sif Muna
  8567 | D:6      | Reached skill level 5 in Stealth
  8567 | D:6      | Reached skill level 1 in Invocations
  9266 | D:7      | Reached skill level 7 in Spellcasting
  9627 | D:7      | Identified the +0 war axe of Cheibriados's Fury {spect,
                  | Int+2}
  9826 | D:7      | Found a stormy altar of Qazlal.
  9836 | D:7      | Learned a level 3 spell: Summon Guardian Golem
  9843 | D:7      | Learned a level 4 spell: Olgreb's Toxic Radiance
  9928 | D:8      | Found a radiant altar of Vehumet.
 10010 | D:8      | Reached skill level 1 in Hexes
 10010 | D:8      | Reached skill level 1 in Poison Magic
 10247 | D:8      | Found a snail-covered altar of Cheibriados.
 10475 | D:8      | Reached XP level 10. HP: 39/59 MP: 17/21
 10477 | D:8      | Reached skill level 1 in Summonings
 10677 | D:8      | Found a staircase to the Lair.
 10896 | D:9      | Noticed a green ugly thing
 10902 | D:9      | Killed a green ugly thing
 10902 | D:9      | Reached ** piety under Sif Muna
 11921 | D:10     | Entered Level 10 of the Dungeon
 12100 | D:10     | Reached skill level 8 in Spellcasting
 12224 | D:10     | Reached skill level 1 in Axes
 12228 | D:10     | Reached skill level 5 in Poison Magic
 12551 | D:10     | Reached XP level 11. HP: 63/63 MP: 9/23
 12690 | D:10     | Learned a level 3 spell: Call Canine Familiar
 13337 | D:11     | Noticed a two-headed ogre
 13339 | D:11     | Noticed a four-headed hydra
 13448 | D:11     | Found a gate leading to a gauntlet.
 13455 | Gauntlet | Entered a Gauntlet
 13455 | Gauntlet | Found a transporter.
 13455 | Gauntlet | Found a transporter.
 13456 | Gauntlet | Found a transporter.
 13457 | Gauntlet | Noticed a large abomination
 13458 | Gauntlet | Found a transporter.
 13458 | Gauntlet | Noticed a large abomination
 13459 | Gauntlet | Found a transporter.
 13463 | Gauntlet | Noticed a large abomination
 13474 | Gauntlet | Found a transporter.
 13474 | Gauntlet | Found a transporter.
 13534 | Gauntlet | Found a transporter.
 13546 | Gauntlet | Found a transporter.
 13560 | Gauntlet | Found a transporter.
 13562 | Gauntlet | Noticed a soul eater
 13570 | Gauntlet | Found a transporter.
 13585 | Gauntlet | Found a transporter.
 13813 | Gauntlet | Identified the ring "Gizugrar" {Will+ MP+9 Str+3 Int+4}
 14160 | Gauntlet | Killed a soul eater
 14161 | Gauntlet | Reached skill level 5 in Summonings
 14161 | Gauntlet | Reached skill level 5 in Invocations
 14450 | Gauntlet | Reached skill level 9 in Spellcasting
 14545 | Gauntlet | Gained mutation: You occasionally shout uncontrollably at
                  | your foes. [potion of mutation]
 14545 | Gauntlet | Gained mutation: Your flesh is heat resistant. (rF+)
                  | [potion of mutation]
 14547 | Gauntlet | Identified the +6 trident of the Puffball {venom, *Rage
                  | rPois Str+6 Dex+2}
 14547 | Gauntlet | Noticed a minotaur
 14559 | Gauntlet | Annihilated by a minotaur

Illustrated notes

Levels and vault maps discovered:
D:1:      psy_arrival_basics, layout_loops_ring, serial_shops, shop
D:2:      layout_basic, ebering_ecumenical_altar_box, grunt_decor_arrowhead,
          nicolae_grassy_gnolls
D:3:      layout_loops_ring, kennysheep_generic_room_16, uniq_sigmund
D:4:      layout_gridville, minmay_temple_entry_ruins
D:5:      layout_layer_cave, hangedman_decor_peaks_small, minmay_misc_feat_rows,
          uniq_pikel, uniq_menkaure, uniq_crazy_yiuf_cottage, uniq_duvessa
D:6:      layout_cave_pools, nicolae_overflows_in_rows, portal_sewer_entry_e,
          minivault_23, minmay_manual_mares
D:7:      layout_rooms, lemuel_coloured_pillars_altar, serial_curves,
          eino_curves_04, eino_curves_01, minmay_crossroads
D:8:      layout_basic, mainiacjoe_overflow_alcove_4, overflow_temple_1_default,
          david_lair_shrubbed
D:9:      nicolae_cairo_tiling, layout_basic, nicolae_benzene_ring
D:10:     layout_basic, dreamdust_princess_bridge
D:11:     layout_roguey, gauntlet_entry_generic, serial_shops,
          nicolae_shop_advertising_works [nicolae_subvault_shop_adworks]
Temple:   hellmonk_temple_flake
Gauntlet: gammafunk_gauntlet_shortcut [gammafunk_gauntlet_arena_arrow_garden,
          gammafunk_gauntlet_arena_split_x, gammafunk_gauntlet_arena_grid,
          nicolae_gauntlet_arena_blocks, gammafunk_gauntlet_arena_corners,
          nicolae_gauntlet_arena_grate_2, gauntlet_exit_green]

Skill      XL: |  1  2  3  4  5  6  7  8  9 10 11 |
---------------+----------------------------------+-----
Stealth        | 3 4 5 6 |  6.6
Spellcasting   | 3 4 6 7 8 9 |  9.0
Conjurations   | 2 3 5 6 7 |  7.0
Fire Magic     | 4 5 6 7 8 |  8.6
Short Blades   | 1 |  1.5
Throwing       | 1 2 |  2.1
Fighting       | 1 |  1.6
Dodging        | 3 |  3.2
Invocations    | 2 3 5 |  5.1
Hexes          | 1 2 |  2.4
Poison Magic   | 2 6 8 |  8.6
Summonings     | 4 5 |  5.1
Axes           | 1 |  1.6
Staves         | |  0.1
Shields        | |  0.1

Action                   |  1- 3 |  4- 6 |  7- 9 | 10-12 || total
-------------------------+-------+-------+-------+-------++-------
Melee: Dagger            |    16 |    12 |    19 |       ||    47
       Unarmed           |     4 |       |       |       ||     4
       Tentacles         |     3 |       |     6 |     6 ||    15
       Constrict         |     5 |     4 |     4 |     3 ||    16
       Punch             |     1 |       |       |     1 ||     2
       War axe           |       |       |       |    14 ||    14
       Staff             |       |       |       |    14 ||    14
Throw: Dart              |       |     7 |    11 |       ||    18
 Cast: Foxfire           |    40 |    88 |   217 |    95 ||   440
       Scorch            |       |     3 |    23 |    53 ||    79
       Conjure Flame     |       |     1 |     3 |     9 ||    13
       Inner Flame       |       |       |     8 |    10 ||    18
       Flame Wave        |       |       |     7 |     6 ||    13
       Summon Guardian G |       |       |       |     8 ||     8
       Olgreb's Toxic Ra |       |       |       |     5 ||     5
       Call Canine Famil |       |       |       |     5 ||     5
Invok: Channel Magic     |       |       |       |     1 ||     1
Evoke: Wand              |       |       |     1 |       ||     1
       Condenser vane    |       |       |       |     1 ||     1
  Use: Scroll            |       |     1 |    19 |     6 ||    26
       Potion            |       |       |     2 |     8 ||    10
 Stab: Sleeping          |     5 |     4 |     4 |     2 ||    15
Armor: Skin              |     4 |     7 |       |       ||    11
Dodge: Dodged            |    10 |    36 |    26 |    29 ||   101
Block: Other             |       |       |       |    11 ||    11
       Reflection        |       |       |       |     3 ||     3

Table legend: (Time is in decaauts)
 A = Elapsed time spent in this place.
 B = Non-inter-level travel time spent in this place.
 C = Inter-level travel time spent in this place.
 D = Time resting spent in this place.
 E = Time spent auto-exploring this place.
 F = Levels seen in this place.
 G = Mean time per level.
                   A        B        C        D        E       F      G
               +--------+--------+--------+--------+--------+-----+--------+
         Total |  14565 |  14240 |    325 |    876 |  10028 |  14 | 1040.4 |
       Dungeon |  12349 |  12024 |    325 |    740 |   8725 |  11 | 1122.6 |
        Temple |    154 |    154 |      0 |      0 |    134 |   1 |  154.0 |
         Sewer |    955 |    955 |      0 |     58 |    645 |   1 |  955.0 |
      Gauntlet |   1105 |   1105 |      0 |     78 |    524 |   1 | 1105.0 |
               +--------+--------+--------+--------+--------+-----+--------+

Top non-repeatable levels by time:
     D:5: 1838 daAuts
     D:3: 1408 daAuts
     D:9: 1384 daAuts
     D:4: 1240 daAuts
    D:10: 1232 daAuts
     D:1: 1219 daAuts
     D:2: 1126 daAuts
Gauntlet: 1105 daAuts
     D:6: 1020 daAuts
     D:7: 962 daAuts
   Sewer: 955 daAuts
     D:8: 896 daAuts
  Temple: 154 daAuts
    D:11: 19 daAuts
